 Dungeon Crawl Stone Soup version 0.22.0-81-g402daae900 (webtiles) character file.

2033 Tragedian the Conjurer (level 9, -15/54 HPs)
             Began as an Octopode Conjurer on Sept 17, 2018.
             Demolished by a blink frog (18 damage)
             ... on level 1 of the Lair of Beasts.
             The game lasted 00:54:17 (6054 turns).

Tragedian the Conjurer (Octopode Conjurer)          Turns: 6054, Time: 00:54:19

Health: -15/54     AC:  1    Str:  7    XL:     9   Next: 24%
Magic:  0/28       EV: 14    Int: 21    God:    Xom [......]
Gold:   155        SH:  0    Dex: 12    Spells: 7/21 levels left

rFire    + . .     SeeInvis .     - Unarmed
rCold    x . .     Gourm    .   (no shield)
rNeg     . . .     Faith    .   (helmet restricted)
rPois    .         Spirit   +   g - amulet of guardian spirit
rElec    .         Reflect  .   c - ring of fire
rCorr    .         Harm     .   i - ring of magical power
MR       .....                  (no ring)
Stlth    ++........             (no ring)
HPRegen  0.18/turn              (no ring)
MPRegen  0.21/turn              (no ring)
                                (no ring)
                                (no ring)

@: confused, cleaving
A: almost no armour, stealthy swim, amphibious, 8 rings, constrict 8, camouflage
1, gelatinous body 1
a: Renounce Religion


You were on level 1 of the Lair of Beasts.
You worshipped Xom.
You were a very special plaything of Xom.
You were near starving.

You visited 2 branches of the dungeon, and saw 10 of its levels.

You collected 155 gold pieces.

Inventory:

Hand Weapons
 a - the +6 Majin-Bo {vamp, Archmagi MP+6 Int+6}
   (You found it on level 1 of the Lair of Beasts)

   It inflicts no extra harm, but heals its wielder when it wounds a living foe.
   It affects your intelligence (+6).
   It affects your magic capacity (+6).
Jewellery
 c - a ring of fire (left tentacle)
 g - an amulet of guardian spirit (around mantle)
 i - a ring of magical power (right tentacle)
Wands
 o - a wand of flame (24)
 q - a wand of polymorph (10)
Scrolls
 d - a scroll of summoning {unknown}
 f - a scroll of magic mapping
 m - 4 scrolls of remove curse
 p - a scroll of amnesia
Comestibles
 b - 5 rations


   Skills:
 + Level 2.1 Fighting
 + Level 3.7 Dodging
 + Level 5.0 Stealth
 + Level 1.2 Unarmed Combat
 + Level 6.6 Spellcasting
 + Level 7.7 Conjurations
 + Level 1.7 Hexes
 + Level 4.0 Evocations


You had 7 spell levels left.
You knew the following spells:

 Your Spells              Type           Power        Failure   Level  Hunger
a - Magic Dart            Conj           ####         1%          1    None
b - Searing Ray           Conj           #####.       1%          2    None
c - Dazzling Spray        Conj/Hex       ####..       3%          3    #......
d - Iskenderun's Mystic   Conj           #####...     3%          4    ###....
e - Fulminant Prism       Conj/Hex       ####......   13%         4    ###....

Your spell library contained the following spells:

 Spells                   Type           Power        Failure   Level  Hunger
 Force Lance              Conj/Tloc      ###.....     19%         4    ###....


Dungeon Overview and Level Annotations

Branches:
Dungeon (9/15)             Temple (0/1) D:6            Lair (1/6) D:8
    Orc: D:9-12

Altars:
Xom
Zin
The Shining One

Annotations:
D:2 1 runed door, Sigmund
D:5 1 runed door, megadron1122's ghost, amateur MiMo
D:7 Menkaure; Pikel
D:9 Maurice


Innate Abilities, Weirdness & Mutations

You cannot wear most types of armour.
You are very stealthy in the water. (Stealth+)
You are amphibious.
You can wear up to eight rings at the same time.
You can use your tentacles to constrict eight enemies at once.
Your skin changes colour to match your surroundings (Stealth+).
Your rubbery body absorbs attacks. (AC +1, EV +1)


Message History

The shimmering altar of Xom slides away from you!
The bullfrog barely misses you.
Your crimson imp hits the yak.
The yak gores your crimson imp! The blink frog completely misses you.
The blink frog hits you!
The blink frog blinks!
The bullfrog completely misses you.
Xom titters.
You are confused.
Your crimson imp disappears in a puff of smoke!
The bullfrog closely misses you.
The blink frog blinks!
You're too confused to move!
The bullfrog misses you. The blink frog barely misses you.
The blink frog hits you!
* * * LOW HITPOINT WARNING * * *
The yak barely misses you. The bullfrog barely misses you.
You miss the blink frog. Your squeeze misses the blink frog.
You closely miss the bullfrog. You closely miss the yak.
You tentacle-slap the blink frog. The blink frog hits you!
* * * LOW HITPOINT WARNING * * *
The blink frog hits you!!
You die...
Xom thinks this is hilarious!

.### #....§....##
P# ##........P#
.# ###.....<.####
## #..........# #
##........### ##
##.........## .#
##.........# ##
#PPY......# #
###.F@[....# #
##§..FF....## #
##.§YY§§§._## #
#..§§§..F_## ##
##.YY§§..._# .#
####..§§§§§####
.### #.#........#
.#.###.........##
....##.......###


You could see 3 yaks, 3 blink frogs and a bullfrog.

Vanquished Creatures
  A two-headed ogre (D:8)
  A blink frog (Lair:1)
  A hippogriff (Lair:1)
  An orc warrior (D:8)
  An ice beast (D:8)
  A phantom (D:4)
  An ogre (D:6)
  A crocodile (Lair:1)
  A bullfrog (D:6)
  A crimson imp (D:6)
  Jessica (D:3)
  3 orc wizards
  2 worker ants
  2 hound skeletons
  3 gnolls
  5 adders
  An ooze (D:2)
  5 worms
  5 leopard geckos
  8 orcs
  3 giant cockroaches
  5 goblins
  3 hobgoblins
  11 jackals
  A quokka (D:8)
  A ball python (D:2)
  2 bats (D:2)
  3 kobolds
  9 rats
  A fulminant prism (Lair:1)
84 creatures vanquished.

Vanquished Creatures (collateral kills)
  A yak (Lair:1)
  A bullfrog (Lair:1)
2 creatures vanquished.

Vanquished Creatures (others)
  An orc (D:8)
  7 fulminant prisms
  5 fungi
13 creatures vanquished.

Grand Total: 99 creatures vanquished

Notes
Turn   | Place    | Note
-------+----------+-------------------------------------------
     0 | D:1      | Tragedian the Octopode Conjurer began the quest for the
                  | Orb.
     0 | D:1      | Reached XP level 1. HP: 11/11 MP: 3/3
   587 | D:1      | Reached XP level 2. HP: 17/17 MP: 5/5
   682 | D:1      | Learned a level 2 spell: Searing Ray
   950 | D:2      | Found a shimmering altar of Xom.
   964 | D:2      | Became a worshipper of Xom the Begetter of Discontinuities
  1012 | D:2      | XOM: harmless Necr miscast
  1205 | D:2      | Reached XP level 3. HP: 21/21 MP: 6/6
  1313 | D:2      | Learned a level 3 spell: Dazzling Spray
  1396 | D:2      | XOM: potion effect (brilliance)
  1402 | D:3      | XOM: noise
  1404 | D:3      | Reached skill level 1 in Unarmed Combat
  1472 | D:3      | XOM: harmless Tloc miscast
  1486 | D:3      | Reached XP level 4. HP: 27/27 MP: 1/7
  1509 | D:3      | XOM: silly message
  1941 | D:2      | Found a runed door.
  2164 | D:2      | Noticed Sigmund
  2387 | D:3      | Reached skill level 5 in Conjurations
  2388 | D:3      | Noticed Jessica
  2434 | D:3      | Killed Jessica
  2434 | D:3      | Reached XP level 5. HP: 31/31 MP: 9/9
  2455 | D:3      | XOM: harmless Tmut miscast
  2539 | D:3      | XOM: cast spell 'Shadow Creatures'
  2552 | D:3      | HP: 1/31 [orc/flail (11)]
  2817 | D:2      | Noticed Sigmund
  2817 | D:2      | Sigmund changed into Sigmund the howler monkey
  2817 | D:2      | XOM: polymorph Sigmund -> Sigmund the howler monkey
  2947 | D:3      | XOM: medium Fire miscast
  3737 | D:4      | Found a glowing silver altar of Zin.
  3883 | D:4      | Noticed a phantom
  3894 | D:4      | Killed a phantom
  3894 | D:4      | Reached XP level 6. HP: 33/36 MP: 7/11
  3992 | D:4      | You fall through a shaft for 2 floors!
  4498 | D:6      | Reached skill level 6 in Conjurations
  4498 | D:6      | Reached XP level 7. HP: 41/41 MP: 13/13
  4525 | D:6      | Found a glowing golden altar of the Shining One.
  4605 | D:6      | XOM: god gift: ration
  4633 | D:6      | Found a staircase to the Ecumenical Temple.
  4641 | D:6      | XOM: 2-stop teleportation journey
  4666 | D:6      | Learned a level 4 spell: Iskenderun's Mystic Blast
  4686 | D:6      | XOM: polymorph orc warrior -> swamp drake
  4687 | D:6      | XOM: scenery: 1 doors close
  4689 | D:5      | Entered Level 5 of the Dungeon
  4694 | D:5      | XOM: divination: detect creatures
  4695 | D:5      | XOM: noise
  4702 | D:5      | XOM: fog
  4706 | D:5      | XOM: scenery: create altars
  4715 | D:5      | Found a runed door.
  4715 | D:5      | Noticed megadron1122's ghost (amateur MiMo)
  4753 | D:7      | Noticed Pikel
  4753 | D:7      | Noticed Menkaure
  4926 | D:8      | HP: 1/42 [orc warrior/mace (25)]
  4928 | D:8      | XOM: butterfly on damage
  4929 | D:8      | Xom revived you
  4943 | D:8      | Reached skill level 1 in Evocations
  5123 | D:8      | Noticed a two-headed ogre
  5136 | D:8      | Killed a two-headed ogre
  5136 | D:8      | Reached skill level 1 in Fighting
  5136 | D:8      | Reached skill level 5 in Spellcasting
  5136 | D:8      | Reached skill level 7 in Conjurations
  5136 | D:8      | Reached skill level 1 in Hexes
  5136 | D:8      | Reached XP level 8. HP: 40/48 MP: 14/16
  5145 | D:8      | Learned a level 4 spell: Fulminant Prism
  5250 | D:8      | XOM: mild Air miscast
  5250 | D:8      | Noticed a hornet
  5260 | D:8      | a hornet changed into a basilisk
  5262 | D:8      | XOM: destruction
  5272 | D:8      | XOM: destruction
  5274 | D:9      | Noticed Maurice
  5282 | D:9      | XOM: enchant monster (good)
  5410 | D:8      | Found a staircase to the Lair.
  5410 | D:8      | XOM: 3-stop teleportation journey
  5410 | D:8      | Noticed a komodo dragon
  5410 | D:8      | Noticed a komodo dragon
  5414 | Lair:1   | Entered Level 1 of the Lair of Beasts
  5555 | Lair:1   | Found the +6 Majin-Bo {vamp, Archmagi MP+6 Int+6}
  5559 | Lair:1   | Noticed a hippogriff
  5584 | Lair:1   | Killed a hippogriff
  5851 | Lair:1   | XOM: scenery: create altars
  5862 | Lair:1   | Reached skill level 5 in Stealth
  5862 | Lair:1   | Reached XP level 9. HP: 53/54 MP: 12/18
  5968 | Lair:1   | XOM: smoke on damage
  5974 | Lair:1   | XOM: potion effect (haste)
  5975 | Lair:1   | XOM: summons friendly quasit
  5999 | Lair:1   | XOM: fake destruction
  6014 | Lair:1   | XOM: fake destruction
  6015 | Lair:1   | XOM: confusion
  6016 | Lair:1   | XOM: scenery: create altars
  6021 | Lair:1   | XOM: summons 9 friendly demons
  6026 | Lair:1   | XOM: cleaving
  6035 | Lair:1   | XOM: fog
  6041 | Lair:1   | XOM: cast spell 'Alistair's Intoxication'
  6049 | Lair:1   | XOM: fog
  6051 | Lair:1   | XOM: repel stairs
  6052 | Lair:1   | XOM: confusion
  6054 | Lair:1   | Demolished by a blink frog

Skill      XL: |  1  2  3  4  5  6  7  8  9 |
---------------+----------------------------+-----
Stealth        | 3 4 5 |  5.0
Unarmed Combat | 1 |  1.2
Conjurations   | 5 6 7 |  7.7
Spellcasting   | 3 4 5 6 |  6.6
Evocations     | 2 3 4 |  4.0
Fighting       | 1 2 |  2.1
Dodging        | 3 |  3.7
Hexes          | 1 |  1.7

Action                   |  1- 3 |  4- 6 |  7- 9 || total
-------------------------+-------+-------+-------++-------
Melee: Unarmed           |    12 |     3 |     5 ||    20
       Constrict         |     3 |     1 |     1 ||     5
       Tentacles         |     3 |     1 |       ||     4
 Cast: Magic Dart        |    41 |    68 |    24 ||   133
       Searing Ray       |    16 |    24 |    33 ||    73
       Dazzling Spray    |     2 |    13 |     5 ||    20
       Iskenderun's Myst |       |       |     7 ||     7
       Fulminant Prism   |       |       |     8 ||     8
Evoke: Wand              |       |     5 |    24 ||    29
  Use: Scroll            |       |     6 |       ||     6
       Potion            |       |     2 |     9 ||    11
  Eat: Chunk             |     3 |     2 |     2 ||     7
       Ration            |       |     3 |     1 ||     4
Armor: Skin              |     5 |       |     5 ||    10
Dodge: Dodged            |    21 |    16 |    66 ||   103
